 Dungeon Crawl Stone Soup version 0.17-a0-2093-gc772f4b (webtiles) character file.

7198 brucemayne the Severer (level 11, -4/145 HPs)
             Began as a Hill Orc Berserker on Oct 16, 2015.
             Was an Elder of Trog.
             Slain by a deep elf knight
             ... wielding a +0 long sword
              (14 damage)
             ... on level 2 of the Elven Halls.
             The game lasted 00:17:41 (3111 turns).

brucemayne the Severer (Hill Orc Berserker)         Turns: 3111, Time: 00:17:41

Health: -4/145     AC: 15    Str: 27    XL:     11   Next: 11%
Magic:  11/11      EV: 13    Int:  9    God:    Trog [****..]
Gold:   604        SH:  0    Dex: 10    Spells: 0 memorised, 10 levels left

rFire  . . .     SeeInvis +     f - +0 battleaxe
rCold  . . .     Clarity  .     y - +0 plate armour
rNeg   . . .     SustAt   .     (no shield)
rPois  .         Gourm    .     (no helmet)
rElec  .         Spirit   .     (no cloak)
rCorr  +         Warding  .     (no gloves)
rMut   .         Stasis   .     B - +1 pair of boots
MR     .....                    g - amulet of resist corrosion
Stlth  ..........               w - ring of see invisible
                                d - +5 ring of evasion

@: berserking, slowed, not resistant to hostile enchantments, extremely
unstealthy
A: no striking features
a: Burn Spellbooks, Berserk, Trog's Hand, Brothers in Arms, Renounce Religion


You were on level 2 of the Elven Halls.
You worshipped Trog.
Trog was greatly pleased with you.
You were hungry.

You visited 3 branches of the dungeon, and saw 19 of its levels.

You collected 639 gold pieces.
You spent 35 gold pieces at shops.

Inventory:

Hand Weapons
 a - a +0 hand axe
 f - a +0 battleaxe (weapon)
 i - a +0 war axe
 m - a +0 blowgun
 G - a +0 battleaxe
 I - a +0 battleaxe
Missiles
 A - 5 needles of slowing
Armour
 b - a +0 animal skin
 q - a +0 chain mail
 y - a +0 plate armour (worn)
 B - a +1 pair of boots (worn)
 Q - a +1 chain mail of positive energy
Jewellery
 d - a +5 ring of evasion (left hand)
 g - an amulet of resist corrosion (around neck)
 j - a +4 ring of intelligence
 u - an uncursed ring of fire
 w - a ring of see invisible (right hand)
 z - an uncursed ring of magical power
 H - an uncursed ring of ice
Wands
 o - a wand of cold (8)
 C - a wand of disintegration (16)
 K - a wand of magic darts (31)
 R - a wand of disintegration (8)
Scrolls
 h - 4 scrolls of remove curse
 n - a scroll of identify
Potions
 l - a potion of flight {unknown}
 p - a potion of lignification {unknown}
 t - 2 potions of curing
 v - a potion of berserk rage {unknown}
 x - a potion of mutation {unknown}
 D - 2 potions of degeneration
 E - a potion of beneficial mutation {unknown}
 F - a potion of cure mutation {unknown}
 L - a potion of poison {unknown}
Comestibles
 c - 3 bread rations
 s - 4 meat rations
 J - 19 fruits
 M - a beef jerky
 N - 4 chunks of flesh
 O - a royal jelly


   Skills:
 + Level 9.0 Fighting
 * Level 17.3 Axes
 - Level 7.0 Armour
 - Level 1.5 Dodging


You had 10 spell levels left.
You didn't know any spells.

Dungeon Overview and Level Annotations

Branches:
Dungeon (13/15)               Orc (4/4) D:12            Elf (2/3) Orc:4
 Temple: D:4-7         Lair: D:8-11      Vaults: D:13-14

Altars:
Cheibriados
Dithmenos
Kikubaaqudgha
Trog

Shops:
D:6 :   D:12 ?

Annotations:
Elf:1 exclusion: obsidian statue


Message History

Your two-headed ogre closely misses the deep elf mage.
The deep elf mage barely misses your two-headed ogre.
The deep elf conjurer closely misses you.
You slice the deep elf conjurer!!
You kill the deep elf conjurer!
Trog accepts your kill.
Trog appreciates your killing of a magic user.
You barely miss the deep elf fighter. You barely miss the deep elf knight.
The deep elf knight is heavily wounded.
You slash the deep elf fighter!
You kill the deep elf fighter!
Trog accepts your kill.
Trog appreciates your killing of a magic user.
Your Fighting skill increases to level 9!
You slash the deep elf mage!
The deep elf mage is almost dead.
The deep elf conjurer seems to regain its courage.
The deep elf fighter casts a cantrip, but nothing happens.
The deep elf knight hits you with a long sword!
You die...

...ee........#
#e............#
#........$....##
#?............'.
#e.....e......#
#......O......#
#......e)....<#
#$.>..)@e...#
##....e....##
##...(..%##
#########


You could see a deep elf knight, a deep elf conjurer, 3 deep elf fighters, 3
deep elf magi and a friendly two-headed ogre (berserk).

Vanquished Creatures
  Erolcha (D:9)
  Fannar (D:11)
  Pikel (D:6)
  A deep elf conjurer (Elf:2)
  A troll (D:12)
  A deep elf fighter (Elf:2)
  The ghost of brucemayne the Cleaver, an amateur HOBe of Trog (D:6)
  A hungry ghost (D:12)
  3 yaks (D:12)
  A wyvern (D:8)
  4 orc warriors
  2 wasps (D:8)
  2 slaves (D:6)
  An ice beast (D:11)
  A sky beast (D:9)
  A black bear (D:12)
  2 phantoms (D:12)
  5 ogres
  A centaur (D:9)
  A big kobold (D:11)
  4 giant frogs
  5 wights (D:11)
  A troll zombie (D:12)
  5 killer bees (D:12)
  A giant frog zombie (D:11)
  A centaur skeleton (D:6)
  A centaur zombie (D:11)
  2 hounds (D:11)
  11 orc priests
  An iguana (D:11)
  16 orc wizards
  7 ogre zombies (D:12)
  2 adders
  A shadow imp (D:7)
  4 giant geckos
  77 orcs
  A bat (D:2)
  4 giant cockroaches
  2 hobgoblins
  3 jackals (D:6)
  A ball python (D:2)
  A giant newt (D:5)
  4 goblin zombies (D:12)
  3 hobgoblin zombies (D:12)
  2 kobolds (D:1)
  3 orc skeletons (D:12)
  14 orc zombies (D:12)
  2 rats
211 creatures vanquished.

Notes
Turn   | Place    | Note
--------------------------------------------------------------
     0 | D:1      | brucemayne the Hill Orc Berserker began the quest for the Orb.
     0 | D:1      | Reached XP level 1. HP: 19/19 MP: 1/1
   265 | D:2      | Reached XP level 2. HP: 24/26 MP: 2/2
   417 | D:2      | Reached skill level 5 in Axes
   429 | D:2      | Found a bloodstained altar of Trog.
   482 | D:3      | Found an ancient bone altar of Kikubaaqudgha.
   609 | D:4      | Reached XP level 3. HP: 27/31 MP: 3/3
   712 | D:5      | Entered Level 5 of the Dungeon
   840 | D:6      | Noticed a giant frog
   848 | D:6      | Noticed a slave
   859 | D:6      | Killed a giant frog
   859 | D:6      | Reached skill level 6 in Axes
   859 | D:6      | Reached XP level 4. HP: 27/39 MP: 4/4
   864 | D:6      | Reached skill level 7 in Axes
   864 | D:6      | Reached XP level 5. HP: 30/45 MP: 5/5
   878 | D:6      | Killed a slave
   899 | D:6      | Noticed a slave
   900 | D:6      | Noticed a slave
   939 | D:6      | Noticed a slave
   941 | D:6      | Found Waxt's Book Boutique.
   963 | D:6      | Killed a slave
   995 | D:6      | Noticed Pikel
  1012 | D:6      | Noticed an ogre
  1017 | D:6      | Killed Pikel
  1017 | D:6      | Reached ** piety under Trog
  1017 | D:6      | Reached skill level 10 in Axes
  1017 | D:6      | Reached XP level 6. HP: 26/51 MP: 6/6
  1017 | D:6      | Reached XP level 7. HP: 29/57 MP: 7/7
  1022 | D:6      | Killed an ogre
  1022 | D:6      | Reached skill level 11 in Axes
  1063 | D:6      | Found a snail-covered altar of Cheibriados.
  1105 | D:6      | Noticed brucemayne's ghost (amateur HOBe)
  1133 | D:6      | Killed brucemayne's ghost
  1133 | D:6      | Reached XP level 8. HP: 35/64 MP: 8/8
  1168 | D:6      | Found a shadowy altar of Dithmenos.
  1200 | D:6      | Noticed a giant frog
  1207 | D:6      | Killed a giant frog
  1207 | D:6      | Reached skill level 12 in Axes
  1499 | D:9      | Noticed Erolcha
  1513 | D:9      | Killed Erolcha
  1513 | D:9      | Reached XP level 9. HP: 74/75 MP: 9/9
  1567 | D:8      | Paralysed by a wasp for 3 turns
  1716 | D:10     | Entered Level 10 of the Dungeon
  1800 | D:11     | Reached skill level 13 in Axes
  1819 | D:11     | Noticed Fannar
  1845 | D:11     | Killed Fannar
  1845 | D:11     | Reached skill level 14 in Axes
  1845 | D:11     | Reached XP level 10. HP: 82/84 MP: 10/10
  1978 | D:11     | Reached skill level 15 in Axes
  2305 | D:12     | Found Boapimpi's Magic Scroll Emporium.
  2318 | D:12     | Bought a scroll of fear for 35 gold pieces
  2395 | D:12     | Found a staircase to the Orcish Mines.
  2542 | D:12     | Reached skill level 16 in Axes
  2619 | Orc:1    | Entered Level 1 of the Orcish Mines
  2641 | Orc:1    | Reached *** piety under Trog
  2822 | Orc:3    | Reached **** piety under Trog
  2847 | Orc:4    | Entered Level 4 of the Orcish Mines
  2954 | Orc:3    | Reached XP level 11. HP: 81/95 MP: 11/11
  2965 | Orc:3    | Reached skill level 17 in Axes
  3019 | Orc:4    | Found a staircase to the Elven Halls.
  3042 | Elf:1    | Entered Level 1 of the Elven Halls
  3071 | Elf:1    | Noticed an obsidian statue
  3080 | Elf:1    | You fall through a shaft!
  3080 | Elf:2    | Noticed a dire flail of protection
  3080 | Elf:2    | Noticed a quick blade of pain
  3080 | Elf:2    | Noticed a deep elf knight
  3085 | Elf:2    | Noticed a vampiric halberd
  3089 | Elf:2    | Noticed a vampiric hand axe
  3096 | Elf:2    | Noticed an executioner's axe of draining
  3102 | Elf:2    | Noticed a battleaxe of holy wrath
  3102 | Elf:2    | Noticed a deep elf conjurer
  3102 | Elf:2    | Noticed a deep elf conjurer
  3102 | Elf:2    | Noticed a deep elf conjurer
  3103 | Elf:2    | Noticed a deep elf knight
  3111 | Elf:2    | Killed a deep elf conjurer
  3111 | Elf:2    | Slain by a deep elf knight

Vault maps used:
D:1:      nagdon_arrival_zigzag_paths, nrook_mini_vaults
D:2:      bloody_trog, corexii_corridor_pit
D:3:      lemuel_round_altar
D:4:      zin_purify, first_bread, uniq_sigmund, uniq_natasha,
          uniq_blork_the_orc
D:5:      overflow_temple_1_default, tgw_sif, uniq_duvessa
D:6:      kennysheep_little_box, serial_shops, shop,
          nicolae_dithmenos_the_darkroom, uniq_pikel
D:7:      grunt_temple_overflow_cloverleaf,
          minmay_temple_entry_statues_fountains, st_stairs_14
D:8:      serial_shops, shop
D:9:      statuecave_lemuel, overflow_temple_1_default, lemuel_angel_altar,
          uniq_erolcha
D:10:     grunt_lair_entry_elf_guard_hut
D:11:     blue_anna_alchemist, uniq_maurice, uniq_fannar
D:12:     zombieorc2_lemuel, serial_shops, nicolae_shop_stone, fountainhead,
          uniq_azrael, uniq_maud
Orc:1:    uniq_snorg
Orc:3:    basic_altar, nicolae_orc_pool_cavern, uniq_nergalle
Orc:4:    pf_orc_diabolical
Elf:1:    nicolae_trove_entry_columns, serial_shops, shop,
          minmay_elf_annihilation, minivault_16, kilobyte_mutagenic_chamber,
          uniq_aizul
Elf:2:    serial_shops, nicolae_shop_trees, basic_altar, uniq_louise

Action                   |  1- 3 |  4- 6 |  7- 9 | 10-12 || total
-------------------------+-------+-------+-------+-------++-------
Melee: Hand axe          |    49 |       |       |       ||    49
       War axe           |     1 |    48 |   126 |    43 ||   218
       Battleaxe         |       |       |       |   321 ||   321
Invok: Berserk           |       |     1 |     5 |     4 ||    10
       Trog's Hand       |       |       |     5 |     5 ||    10
       Brothers in Arms  |       |       |       |     1 ||     1
  Use: Scroll            |     1 |       |       |    14 ||    15
       Potion            |       |       |       |     1 ||     1
  Eat: Chunk             |       |       |     9 |     6 ||    15
       Fruit             |       |       |       |     5 ||     5
       Meat ration       |       |       |       |     1 ||     1
       Beef jerky        |       |       |       |     1 ||     1
